 Dungeon Crawl Stone Soup version 0.23.2-40-g277498a001 (webtiles) character file.

Game seed: 11923552386615491551

37 H0rd4k the Charlatan (level 3, 0/26 HPs)
             Began as a Human Artificer on Sept 11, 2019.
             Slain by an adder (3 damage)
             ... on level 1 of the Dungeon.
             The game lasted 00:01:59 (1253 turns).

H0rd4k the Charlatan (Human Artificer)              Turns: 1253, Time: 00:01:59

Health: 0/26       AC:  3    Str: 13    XL:     3   Next: 60%
Magic:  5/5        EV: 12    Int: 11    God:
Gold:   77         SH:  0    Dex: 13    Spells: 2/2 levels left

rFire    . . .     SeeInvis .   a - +0 short sword
rCold    . . .     Gourm    .   (no shield)
rNeg     . . .     Faith    .   b - +0 leather armour
rPois    .         Spirit   .   (no helmet)
rElec    .         Reflect  .   t - scarf {cloud immunity}
rCorr    .         Harm     .   (no gloves)
MR       .....                  (no boots)
Stlth    +.........             (no amulet)
HPRegen  0.08/turn              (no ring)
MPRegen  0.09/turn              (no ring)

@: lethally poisoned (0 -> -9)
A: no striking features
a: no special abilities


You were on level 1 of the Dungeon.
You were not hungry.

You visited 1 branch of the dungeon, and saw 2 of its levels.

You collected 77 gold pieces.

Inventory:

Hand Weapons
 a - a +0 short sword (weapon)
Missiles
 p - 3 tomahawks (quivered)
Armour
 b - a +0 leather armour (worn)
 t - a scarf of cloud immunity (worn)
Wands
 c - a wand of flame (9)
 d - a wand of enslavement (15)
 e - a wand of random effects (15)
 r - a wand of iceblast (6)
Scrolls
 i - 3 scrolls of immolation {unknown}
 j - a scroll of amnesia {unknown}
 k - a scroll of fear {unknown}
 m - a scroll of remove curse {unknown}
 q - 3 scrolls of identify {unknown}
 s - a scroll of teleportation {unknown}
Potions
 g - a potion of might {unknown}
 h - a potion of flight {unknown}
 l - a potion of magic {unknown}
 n - a potion of heal wounds {unknown}
 o - a potion of curing {unknown}
Comestibles
 f - 2 rations


   Skills:
 + Level 1.3 Fighting
 + Level 1.5 Short Blades
 + Level 0.3 Armour
 + Level 2.2 Dodging
 + Level 1.2 Stealth
 + Level 3.6 Evocations


You had 2 spell levels left.
You didn't know any spells.
Your spell library was empty.

Dungeon Overview and Level Annotations

Branches:
Dungeon (2/15)

Altars:
Qazlal


Message History

Press: ? - help, Shift-Dir - straight line, f/p - adder
Aim: an adder (heavily wounded)
The puff of flame misses the adder.
You feel sick. The adder bites you.
* * * LOW HITPOINT WARNING * * *
You are lethally poisoned!
The adder poisons you!
Evoke which item? (* to show all) (? for menu, Esc to quit)
Aiming: Throw Flame
Press: ? - help, Shift-Dir - straight line, f/p - adder
Aim: an adder (heavily wounded)
The puff of flame misses the adder.
The adder bites you.
* * * LOW HITPOINT WARNING * * *
Evoke which item? (* to show all) (? for menu, Esc to quit)
Aiming: Throw Flame
Press: ? - help, Shift-Dir - straight line, f/p - adder
Aim: an adder (heavily wounded)
The puff of flame misses the adder.
* * * LOW HITPOINT WARNING * * *
You feel sick. The adder bites you.
You die...

..#####.# ..#####.# ### .(#.....#
##.## ######### ..#.###.# ##...##
#.......# .(#.###.## #.....#
#.#####.#
.(#.##)#.######...#####.# #.#
......###.......†.>.....# #.#
###)##.#.#######S######## ###.#
#.>.....# #@# #...# ##..####.#
##'## #.### .......#.# ##...##
#.# .#..##.#.# ##.....##### ##.#
.#.....#.####..........###..#
.#.......##.................#####
.#...........##♣♣♣.♣♣♣##...#.....
.#.......##..# ♣⌠♣ #..###.###
.............♣♣♣♣♣[♣♣♣♣♣..# ##.#


You could see an adder.

Vanquished Creatures
  A leopard gecko (D:1)
  A giant cockroach (D:1)
  2 hobgoblins
  10 jackals
  4 bats
  5 goblins
  3 kobolds (D:1)
  6 rats
32 creatures vanquished.

Notes
Turn   | Place    | Note
-------+----------+-------------------------------------------
     0 | D:1      | H0rd4k the Human Artificer began the quest for the Orb.
     0 | D:1      | Reached XP level 1. HP: 15/15 MP: 3/3
   410 | D:1      | Reached XP level 2. HP: 21/21 MP: 4/4
   873 | D:2      | Reached XP level 3. HP: 16/26 MP: 5/5
  1057 | D:2      | Found a stormy altar of Qazlal.
  1253 | D:1      | Slain by an adder

Action                   || total
-------------------------++-------
Melee: Short sword       ||   114
Evoke: Wand              ||     6
 Stab: Sleeping          ||     2
  Eat: Chunk             ||     1
Armor: Leather armour    ||    31
Dodge: Dodged            ||    89
